[Event "*** Titled Tuesday Blitz"]
[Site "Chess.com"]
[Date "2021.03.09"]
[Round "2"]
[White "NicoChasin"]
[Black "SameerMujumdar"]
[Result "1-0"]
[WhiteElo "2632"]
[BlackElo "2342"]
[TimeControl "180+1"]
[EndTime "10:16:42 PST"]
[Termination "NicoChasin won by resignation"]

1. d4 Nf6 2. c4 g6 3. Nc3 Bg7 4. e4 d6 5. Nf3 O-O 6. Be2 Na6 7. O-O e5 8. Be3 Ng4 9. Bg5 Qe8 10. d5 h6 11. Bd2 f5 12. Ne1 Nf6 13. f3 Nc5 14. b4 Ncd7 15. Nd3 Qe7 16. Be3 f4 17. Bf2 g5 18. c5 a6 19. Rc1 h5 20. Na4 g4 21.
Bh4 Rf7 22. cxd6 cxd6 23. Rc7 Qf8 24. Qc2 b5 25. Rc1 bxa4 26. Rxc8 Rxc8 27. Qxc8 Nb6 28.
Qxf8+ Rxf8 29. Rc6 Rb8 30. a3 Ne8 31. Bf2 Nd7 32. Rxa6 Nc7 33. Rxd6 Nb5 34. Rxd7 Nxa3 35. Ra7 1-0

[Event "*** Titled Tuesday Blitz"]
[Site "Chess.com"]
[Date "2021.03.09"]
[Round "2"]
[White "ural58"]
[Black "garicradomir"]
[Result "1-0"]
[WhiteElo "2546"]
[BlackElo "2226"]
[TimeControl "180+1"]
[EndTime "10:16:42 PST"]
[Termination "ural58 won by resignation"]

1. e4 g6 2. d4 Nf6 3. e5 Nh5 4. Be2 d6 5. Bxh5 gxh5 6. Qxh5 dxe5 7. dxe5 Nc6 8. Nf3 Rg8 9. O-O Bg4 10. Qxh7 Rg7 11. Qe4 Bh3 12. Bg5 Qd7 13. gxh3 Qxh3 14. Nbd2 O-O-O 15. Kh1 Qh5 16. Rg1 Rh7 17. Qg4+ Qxg4 18.
Rxg4 Rd5 19. Re1 e6 20. Ne4 Nxe5 21. Nxe5 Rxe5 22. Bf4 Rb5 23. Rg8 1-0

[Event "*** Titled Tuesday Blitz"]
[Site "Chess.com"]
[Date "2021.03.09"]
[Round "2"]
[White "vugarrasulov"]
[Black "deribas12345"]
[Result "1-0"]
[WhiteElo "2855"]
[BlackElo "2540"]
[TimeControl "180+1"]
[EndTime "10:16:45 PST"]
[Termination "vugarrasulov won by resignation"]

1. d4 Nf6 2. c4 d6 3. Nf3 Bf5 4. g3 c6 5. Bg2 Nbd7 6. O-O e5 7.
Nc3 Be7 8. Nh4 Bg6 9. Nxg6 hxg6 10. d5 c5 11. e4 a6 12. Qd3 Nh5 13. Be3 Bg5 14.
f4 Bf6 15. Rab1 g5 16. f5 g4 17. Qd2 Qe7 18. a3 Rc8 19. Rfc1 Nf8 20. b4 cxb4 21. Rxb4 Nh7 22. Rcb1 Rc7 23. c5 O-O 24. Rb6 Rd8 25.
c6 bxc6 26. dxc6 d5 27. Nxd5 Qd6 28. Nxc7 Qxd2 29. Bxd2 Rxd2 30. Rb8+ Nf8 31. Nd5 1-0

[Event "*** Titled Tuesday Blitz"]
[Site "Chess.com"]
[Date "2021.03.09"]
[Round "2"]
[White "draksbg"]
[Black "Leonid_Starozhilov"]
[Result "0-1"]
[WhiteElo "2480"]
[BlackElo "2687"]
[TimeControl "180+1"]
[EndTime "10:16:49 PST"]
[Termination "Leonid_Starozhilov won by resignation"]

1. e4 g6 2. d4 Bg7 3. Nc3 d6 4. Nf3 Bg4 5. Be3 Nc6 6. Bb5 a6 7. Ba4 b5 8. Bb3 e6 9. d5 Ne5 10. dxe6 Nxf3+ 11. gxf3 Bxe6 12. Bd4 Nf6 13. Qd2 O-O 14.
O-O-O Bxb3 15. axb3 c6 16. h4 a5 17. Kb1 a4 18. b4 a3 19. b3 a2+ 20. Ka1 c5 0-1

[Event "*** Titled Tuesday Blitz"]
[Site "Chess.com"]
[Date "2021.03.09"]
[Round "2"]
[White "Zhuu96"]
[Black "KhamzinOlzhas"]
[Result "1-0"]
[WhiteElo "2855"]
[BlackElo "2539"]
[TimeControl "180+1"]
[EndTime "10:16:51 PST"]
[Termination "Zhuu96 won by resignation"]

1. d4 Nf6 2. c4 e6 3. g3 c5 4. d5 exd5 5. cxd5 d6 6. Nc3 g6 7.
Bg2 Bg7 8. Nf3 O-O 9. O-O Re8 10. Bf4 Ne4 11. Nxe4 Rxe4 12. Nd2 Rxf4 13. gxf4 Bxb2 14.
Rb1 Bg7 15. Nc4 b6 16. a4 Ba6 17. Qc2 Qe7 18. Rfe1 Nd7 19. e3 Nf6 20. Nd2 Bb7 21. Qb3 Ba6 22. Rbd1 Ng4 23. h3 Nh6 24. e4 g5 25. e5 gxf4 26. exd6 Qxd6 27. Ne4 Qg6 28. d6 Rd8 29. d7 Bd4 30. Nxc5 bxc5 31. Re8+ Kg7 32.
Rxd8 Qd6 33. Qd5 1-0

[Event "*** Titled Tuesday Blitz"]
[Site "Chess.com"]
[Date "2021.03.09"]
[Round "2"]
[White "Gahan-MG"]
[Black "Omk124"]
[Result "1-0"]
[WhiteElo "2673"]
[BlackElo "2454"]
[TimeControl "180+1"]
[EndTime "10:16:52 PST"]
[Termination "Gahan-MG won by resignation"]

1. e4 g6 2. h4 d5 3. exd5 Nf6 4. c4 c6 5. dxc6 Nxc6 6. Nf3 Bg4 7. Be2 e5 8. Nc3 e4 9. Ng5 Bxe2 10. Nxe2 h6 11. Nh3 Bc5 12. Nhf4 O-O 13. a3 a5 14. d3 Ne5 15. d4 Nd3+ 16. Nxd3 exd3 17. Qxd3 Bd6 18.
Bxh6 Re8 19. O-O Ng4 20. Bg5 Qc7 21. Rfe1 Bb4 22. Bf4 Rxe2 23. Bxc7 Rxe1+ 24. Rxe1 Bxe1 25. f3 Nf6 26. Be5 Nd7 27. Qe4 Nxe5 28. dxe5 Bg3 29.
e6 Rd8 30. exf7+ Kxf7 31. Qxb7+ Kg8 32. Qb3 Re8 33. c5+ Kh8 34. Qc3+ Kh7 35. Kf1 Bxh4 36. c6 1-0

[Event "*** Titled Tuesday Blitz"]
[Site "Chess.com"]
[Date "2021.03.09"]
[Round "2"]
[White "floplover"]
[Black "Fighter008"]
[Result "0-1"]
[WhiteElo "2320"]
[BlackElo "2614"]
[TimeControl "180+1"]
[EndTime "10:16:55 PST"]
[Termination "Fighter008 won by resignation"]

1. d4 c5 2. d5 d6 3. c4 e5 4.
Nc3 g6 5. e4 Bg7 6. Be3 Ne7 7.
Nf3 O-O 8. Bd3 f5 9. Ng5 f4 10. Bd2 h6 11. Ne6 Bxe6 12. dxe6 Nbc6 13. Nd5 Nd4 14.
f3 Nxe6 15. O-O Nc6 16. a3 Ncd4 17. b4 g5 18. Rb1 b6 19. bxc5 Nxc5 20. Bc3 Nde6 21.
a4 h5 22. a5 Rb8 23. axb6 axb6 24. Be2 Rf7 25. Rb5 Bf8 26. Qa1 Rg7 27. Rfb1 g4 28.
Rxb6 Rxb6 29. Rxb6 Qh4 30. Rb8 gxf3 31. Bxf3 Nd7 32.
Re8 Ng5 33. Qd1 Nh3+ 0-1

[Event "*** Titled Tuesday Blitz"]
[Site "Chess.com"]
[Date "2021.03.09"]
[Round "2"]
[White "zacachess"]
[Black "vinniethepooh"]
[Result "0-1"]
[WhiteElo "2497"]
[BlackElo "2713"]
[TimeControl "180+1"]
[EndTime "10:16:57 PST"]
[Termination "vinniethepooh won by resignation"]

1. e4 c5 2. Nf3 d6 3. d4 cxd4 4.
Nxd4 Nf6 5. Nc3 a6 6. Bg5 e6 7.
Qe2 Nbd7 8. f4 Qc7 9. O-O-O b5 10. a3 Bb7 11. g4 Be7 12. Bh4 h6 13. Kb1 Rc8 14. Rg1 g5 15. fxg5 hxg5 16. Bxg5 Qb6 17. Be3 Rxc3 18. bxc3 Nxe4 19. Bd2 Ne5 20. h3 Nc4 21.
Be1 Qa5 22. Qxc4 bxc4 23. Bxc4 Nxc3+ 24. Bxc3 Qxc3 25. Bb3 Bf6 26. Rd3 Qc5 27. Rgd1 Be4 28. R3d2 Rxh3 0-1

[Event "*** Titled Tuesday Blitz"]
[Site "Chess.com"]
[Date "2021.03.09"]
[Round "2"]
[White "MasterMK73"]
[Black "maximnovik"]
[Result "0-1"]
[WhiteElo "2301"]
[BlackElo "2554"]
[TimeControl "180+1"]
[EndTime "10:16:57 PST"]
[Termination "maximnovik won by resignation"]

1. d4 Nf6 2. Bf4 g6 3. Nc3 d5 4.
Qd2 Bg7 5. Bh6 O-O 6. Bxg7 Kxg7 7. O-O-O c5 8. e3 Nc6 9. Nf3 Bg4 10. Be2 cxd4 11.
exd4 Rc8 12. h3 Bxf3 13. Bxf3 Na5 14. Be2 Nc4 15. Bxc4 Rxc4 16. g4 Qa5 17. Kb1 Rfc8 18. f4 Rxc3 19. bxc3 Ne4 20. Qd3 Qa3 0-1

[Event "*** Titled Tuesday Blitz"]
[Site "Chess.com"]
[Date "2021.03.09"]
[Round "2"]
[White "ShcufNaiRolf"]
[Black "Synctel"]
[Result "1-0"]
[WhiteElo "2380"]
[BlackElo "2007"]
[TimeControl "180+1"]
[EndTime "10:16:57 PST"]
[Termination "ShcufNaiRolf won on time"]

1. e4 e6 2. d4 d5 3. Nc3 Nf6 4. e5 Nfd7 5. f4 c5 6. Nf3 Nc6 7. Ne2 b6 8. c3 Ba6 9. g3 Be7 10. Bg2 Rc8 11. O-O Bxe2 12. Qxe2 cxd4 13. cxd4 O-O 14.
Be3 Na5 15. Kh1 Nc4 16. Bg1 b5 17. g4 g6 18. Bh3 Qb6 19. f5 exf5 20. gxf5 1-0

[Event "*** Titled Tuesday Blitz"]
[Site "Chess.com"]
[Date "2021.03.09"]
[Round "2"]
[White "Aygehovit1992"]
[Black "Kopytkin"]
[Result "1-0"]
[WhiteElo "2638"]
[BlackElo "2359"]
[TimeControl "180+1"]
[EndTime "10:17:02 PST"]
[Termination "Aygehovit1992 won by resignation"]

1. Nf3 Nf6 2. g3 g6 3. Bg2 Bg7 4. O-O O-O 5. d4 d6 6. c4 Nc6 7.
Nc3 e5 8. dxe5 Nxe5 9. Qb3 c6 10.
Bg5 Qc7 11. Rfd1 Be6 12. Nxe5 dxe5 13. Rac1 Qb6 14. Qxb6 axb6 15. b3 h6 16. Be3 Nd7 17.
Na4 Ra6 18. Rd2 Rfa8 19. Rcd1 Rxa4 20. bxa4 Nc5 21. Rd8+ Rxd8 22. Rxd8+ Kh7 23. a5 Bxc4 24. axb6 Ne6 25. Rd7 Ba6 26. Rxf7 Kg8 27. Re7 Nd4 28. Bxd4 exd4 29. Bxc6 Bf8 30. Bd5+ Kh8 31. Rf7 Bc5 32. Bxb7 Bxe2 33. Bf3 Bxf3 34. Rxf3 Bxb6 35. Rb3 Bc5 36. Rb7 Ba3 37. Kf1 1-0

[Event "*** Titled Tuesday Blitz"]
[Site "Chess.com"]
[Date "2021.03.09"]
[Round "2"]
[White "drragnar1"]
[Black "DarZay"]
[Result "1-0"]
[WhiteElo "2421"]
[BlackElo "2177"]
[TimeControl "180+1"]
[EndTime "10:17:02 PST"]
[Termination "drragnar1 won by checkmate"]

1. e4 c5 2. Nc3 Nc6 3. f4 e6 4. Nf3 d5 5. e5 Nge7 6. Bb5 a6 7. Bxc6+ Nxc6 8. Ne2 Be7 9. d3 O-O 10. O-O b5 11. a4 b4 12. c4 d4 13. g4 f5 14.
gxf5 exf5 15. Ng3 Bb7 16. Bd2 Bh4 17. Qe2 Kh8 18. Rae1 Bxg3 19. hxg3 Qe7 20. Ng5 h6 21. Qh5 Kg8 22. Nf3 Rae8 23. Nh4 Qe6 24. g4 Ne7 25. g5 Qc6 26. Kf2 Kh7 27. Rg1 Ng8 28. Rg3 Qxa4 29. gxh6 g5 30. Qg6+ Kh8 31. Qg7# 1-0

[Event "*** Titled Tuesday Blitz"]
[Site "Chess.com"]
[Date "2021.03.09"]
[Round "2"]
[White "AsaHoffmann"]
[Black "ailime26"]
[Result "1-0"]
[WhiteElo "2401"]
[BlackElo "2096"]
[TimeControl "180+1"]
[EndTime "10:17:02 PST"]
[Termination "AsaHoffmann won by resignation"]

1. d4 d5 2. Bg5 Nf6 3. Nd2 e6 4. e3 c5 5. c3 Nbd7 6. f4 Be7 7. Bd3 O-O 8. Ngf3 b6 9. O-O Bb7 10. Ne5 Ne4 11. Bxe7 Qxe7 12. Bxe4 dxe4 13. Qh5 f5 14.
Nxd7 Qxd7 15. Nc4 cxd4 16. exd4 Qe7 17. Ne5 Rf6 18. Qe2 a5 19. c4 Rd8 20. Rfd1 Ba6 21. b3 Qb4 22. Qe3 a4 23. Nc6 Qd6 24. Nxd8 Qxd8 25. d5 exd5 26. Rxd5 Qc7 27. Rad1 Rf8 28. Qd4 Bc8 29. Rd8 Be6 30. Rxf8+ Kxf8 31. Qd6+ Qxd6 32. Rxd6 Ke7 33. Rxb6 axb3 34. axb3 h6 35. Kf2 g5 36.
g3 Kd7 37. Ke3 1-0

[Event "*** Titled Tuesday Blitz"]
[Site "Chess.com"]
[Date "2021.03.09"]
[Round "2"]
[White "exoticprincess"]
[Black "Artyom_ChessMate"]
[Result "1-0"]
[WhiteElo "2881"]
[BlackElo "2551"]
[TimeControl "180+1"]
[EndTime "10:17:04 PST"]
[Termination "exoticprincess won by resignation"]

1. d4 d5 2. Nc3 Nf6 3. Bf4 c5 4.
e3 a6 5. dxc5 Nc6 6. Nf3 Bg4 7.
Be2 e6 8. Na4 Bxc5 9. Nxc5 Qa5+ 10. c3 Qxc5 11. O-O O-O 12. h3 Bh5 13. Rc1 b5 14. a4 Ne4 15. axb5 axb5 16. g4 Bg6 17. Qb3 Ra5 18. Rfd1 Rfa8 19. Nd4 e5 20. Nxc6 exf4 21. Qxd5 Qxd5 22. Rxd5 Ra1 23. Rxa1 Rxa1+ 24. Kg2 h6 25. exf4 Re1 26. Bf3 f5 27. Ne7+ Kh7 28.
Nxg6 1-0

[Event "*** Titled Tuesday Blitz"]
[Site "Chess.com"]
[Date "2021.03.09"]
[Round "2"]
[White "Romadk"]
[Black "Harry_Rakkel"]
[Result "0-1"]
[WhiteElo "2365"]
[BlackElo "2640"]
[TimeControl "180+1"]
[EndTime "10:17:07 PST"]
[Termination "Harry_Rakkel won by resignation"]

1. d4 Nf6 2. Nf3 e6 3. g3 d5 4. Bg2 b5 5. O-O Bb7 6. Qd3 a6 7. Bg5 Nbd7 8. a4 b4 9. c4 c5 10.
Ne5 dxc4 11. Qxc4 Bxg2 12. Kxg2 cxd4 13. Nc6 Qc7 14. Rc1 Rc8 15. Qxd4 Qb7 16. Bxf6 Rxc6 17. Qe4 Nc5 18. Qf3 gxf6 19. Qxf6 Ne4 20. Qxh8 Rxc1 21.
f3 Rc2 22. Qxh7 Rxe2+ 23. Kh3 Ng5+ 0-1

[Event "*** Titled Tuesday Blitz"]
[Site "Chess.com"]
[Date "2021.03.09"]
[Round "2"]
[White "alejogarcia1999"]
[Black "2Tilted"]
[Result "0-1"]
[WhiteElo "2514"]
[BlackElo "2311"]
[TimeControl "180+1"]
[EndTime "10:17:07 PST"]
[Termination "2Tilted won by checkmate"]

1. Nf3 Nf6 2. g3 d5 3. Bg2 c6 4.
O-O h6 5. c4 Bf5 6. cxd5 cxd5 7.
d3 e6 8. Nc3 Nc6 9. Nh4 Bh7 10.
e4 dxe4 11. dxe4 Qxd1 12. Rxd1 Bb4 13. Nb5 O-O 14. a3 Be7 15. Nc3 g5 16. Nf3 Nxe4 17.
Rd7 Nc5 18. Rc7 Bd6 19. Rxc6 bxc6 20. Nd4 e5 21. Nxc6 Nb3 22. Ra2 Nxc1 23. Ra1 Nd3 24. b4 Rac8 25. Nb5 Bb8 26. Ne7+ Kg7 27. Nxc8 Rxc8 28.
a4 a6 29. Na3 Ba7 30. b5 axb5 31. Nxb5 Bxf2+ 32. Kf1 Bd4 33. Ra2 Rc1+ 34. Ke2 Re1+ 35.
Kf3 e4+ 36. Kg4 f5+ 37. Kh3 g4+ 38. Kh4 Bf6+ 39. Kh5 Bg6# 0-1

[Event "*** Titled Tuesday Blitz"]
[Site "Chess.com"]
[Date "2021.03.09"]
[Round "2"]
[White "Olga_Girya"]
[Black "szefru"]
[Result "1-0"]
[WhiteElo "2459"]
[BlackElo "2240"]
[TimeControl "180+1"]
[EndTime "10:17:12 PST"]
[Termination "Olga_Girya won by resignation"]

1. d4 d5 2. Nf3 c6 3. c4 Nf6 4. Nc3 e6 5. Bg5 Nbd7 6. cxd5 exd5 7. e3 Be7 8. Qc2 h6 9. Bf4 O-O 10. Bd3 a6 11. h3 Re8 12. O-O Nf8 13. Ne5 Be6 14.
a3 N8d7 15. b4 Nxe5 16. dxe5 Nd7 17. Ne2 c5 18. bxc5 Nxc5 19. Nd4 Nxd3 20. Qxd3 Bc5 21.
Rab1 Bxd4 22. exd4 b5 23. Rfc1 Qb6 24. Bd2 Rac8 25.
Bb4 Rxc1+ 26. Rxc1 Rc8 27. Bc5 Qd8 28. f4 g6 29. g4 Qd7 30. Rf1 Qe8 31. f5 Bd7 32.
fxg6 fxg6 33. Rf8+ Qxf8 34. Bxf8 Rxf8 35. Qxg6+ Kh8 36.
Qxh6+ 1-0

[Event "*** Titled Tuesday Blitz"]
[Site "Chess.com"]
[Date "2021.03.09"]
[Round "2"]
[White "BashirliSaadat"]
[Black "dolynachess"]
[Result "0-1"]
[WhiteElo "2165"]
[BlackElo "2417"]
[TimeControl "180+1"]
[EndTime "10:17:12 PST"]
[Termination "dolynachess won by checkmate"]

1. e4 c5 2. Nf3 d6 3. d4 cxd4 4. Nxd4 Nf6 5. Bb5+ Bd7 6. Bxd7+ Qxd7 7. Nc3 g6 8. O-O Bg7 9. Bg5 O-O 10. Qd2 Nc6 11. Nxc6 Qxc6 12. Rfe1 Rfe8 13. Rad1 b5 14. a3 a5 15.
Bxf6 Bxf6 16. Nd5 Bxb2 17. Rb1 Bxa3 18. e5 dxe5 19. Rxe5 Bd6 20. Re3 Rad8 21. Rc3 Qxd5 22. Qxd5 Bxh2+ 23. Kxh2 Rxd5 24. Rcb3 Rc8 25. Rxb5 Rxb5 26.
Rxb5 Rxc2 27. Rxa5 Rxf2 28. Re5 e6 29. Rc5 Rf5 30.
Rc8+ Kg7 31. Rc2 h5 32. Re2 Rd5 33. Rb2 g5 34. Rf2 Kg6 35. Rb2 h4 36. Rf2 g4 37. Rf1 f5 38. Kg1 g3 39. Re1 e5 40.
Rc1 Kg5 41. Re1 e4 42. Rf1 Kg4 43. Re1 Rd4 44. Rf1 f4 45. Kh1 h3 46. gxh3+ Kxh3 47. Rg1 Rd2 48. Rg2 Rd1+ 49. Rg1 Rxg1+ 50. Kxg1 f3 51. Kh1 e3 52. Kg1 e2 53. Kh1 e1=Q# 0-1

[Event "*** Titled Tuesday Blitz"]
[Site "Chess.com"]
[Date "2021.03.09"]
[Round "2"]
[White "Alexsur1981"]
[Black "MaevskiyNikolay"]
[Result "1-0"]
[WhiteElo "2833"]
[BlackElo "2534"]
[TimeControl "180+1"]
[EndTime "10:17:13 PST"]
[Termination "Alexsur1981 won by checkmate"]

1. e4 c6 2. Nc3 d5 3. Qe2 d4 4.
Nd1 c5 5. g3 Nc6 6. d3 e5 7. f4 Bd6 8. Bh3 Nge7 9. Bxc8 Rxc8 10.
f5 h5 11. Nf3 b5 12. O-O Ng8 13. Nf2 Nf6 14. Bg5 Be7 15. Bxf6 Bxf6 16. a4 b4 17. b3 Bg5 18. h4 Be3 19. Kh2 Bxf2 20. Rxf2 f6 21.
Rg1 Rh7 22. g4 hxg4 23. Rxg4 Rc7 24. Rfg2 Rf7 25. R2g3 Qe7 26. Qg2 Qf8 27. Kg1 Kd7 28. Kf1 Qh8 29. Ke1 Kd6 30. Kd1 Nb8 31. Kc1 Nc6 32.
Kb2 Ne7 33. Nd2 Kd7 34. Nc4 Nc8 35. Rg6 Ne7 36. h5 Nc8 37. h6 Rxh6 38. Rxg7 Rxg7 39.
Rxg7+ Ne7 40. Qg4 Rh1 41. Nxe5+ fxe5 42. f6+ Kc6 43. Qe6+ Kb7 44. Qxe7+ Ka6 45. Qxa7# 1-0

[Event "*** Titled Tuesday Blitz"]
[Site "Chess.com"]
[Date "2021.03.09"]
[Round "2"]
[White "mariofs"]
[Black "Tekushka"]
[Result "0-1"]
[WhiteElo "2199"]
[BlackElo "2441"]
[TimeControl "180+1"]
[EndTime "10:17:15 PST"]
[Termination "Tekushka won by checkmate"]

1. d4 Nf6 2. Nf3 d5 3. c4 c6 4.
cxd5 cxd5 5. Nc3 Nc6 6. Bf4 Nh5 7. Bd2 e6 8. e3 Bd6 9. Rc1 Nf6 10. a3 a6 11. Bd3 O-O 12. O-O e5 13. dxe5 Nxe5 14. Nxe5 Bxe5 15. Qc2 Be6 16. Ne2 Rc8 17. Qb1 Ne4 18. Bb4 Rxc1 19. Rxc1 Bxh2+ 20. Kf1 Bd6 21. Bxe4 dxe4 22. Rd1 Qh4 23. Bxd6 Qh1+ 24. Ng1 Bc4+ 25. Ke1 Qxg1+ 26. Kd2 Qxf2+ 27. Kc3 Qxe3+ 28. Kb4 Rc8 29. a4 Qb3+ 30. Ka5 b6# 0-1

[Event "*** Titled Tuesday Blitz"]
[Site "Chess.com"]
[Date "2021.03.09"]
[Round "2"]
[White "Sjakkerntobi"]
[Black "NefeLV"]
[Result "1-0"]
[WhiteElo "2370"]
[BlackElo "1812"]
[TimeControl "180+1"]
[EndTime "10:17:17 PST"]
[Termination "Sjakkerntobi won by resignation"]

1. e4 e6 2. d4 d5 3. Nd2 Nf6 4. e5 Nfd7 5. Bd3 c5 6. c3 Nc6 7. Ne2 Qb6 8. Nf3 Be7 9. O-O f5 10. exf6 Nxf6 11. Nf4 O-O 12. Re1 Nd8 13. Ng5 c4 14.
Bc2 g6 15. Qe2 Qd6 16. Nfxe6 Nxe6 17. Nxe6 Bd8 18. Nxf8 Kxf8 19. h3 Bc7 20. Bh6+ Kg8 21. Qe7 Qxe7 22. Rxe7 Bd6 23. Rg7+ Kh8 24. Re1 Bf8 25.
Rf7 Bxh6 26. Rxf6 Kg7 27. Rf3 Bd7 28. Re7+ 1-0

[Event "*** Titled Tuesday Blitz"]
[Site "Chess.com"]
[Date "2021.03.09"]
[Round "2"]
[White "BvsN"]
[Black "Treacherous_horse64"]
[Result "1-0"]
[WhiteElo "2316"]
[BlackElo "2534"]
[TimeControl "180+1"]
[EndTime "10:17:18 PST"]
[Termination "BvsN won on time"]

1. c4 Nf6 2. Nc3 g6 3. e4 d6 4. d4 Bg7 5. Nge2 O-O 6. f3 c5 7. d5 e6 8. Ng3 exd5 9. cxd5 Nbd7 10. Be2 Ne5 11. O-O a6 12. a4 h5 13. Bg5 Qc7 14.
Qd2 c4 15. Nh1 Nh7 16. Bh6 Bxh6 17. Qxh6 Qc5+ 18. Nf2 Bd7 19. Kh1 b5 20. h3 b4 21.
Ncd1 Qd4 22. Qe3 Qxe3 23. Nxe3 Rfc8 24. f4 Nd3 25. Nxd3 cxd3 26. Bxd3 a5 27. Nc4 1-0

[Event "*** Titled Tuesday Blitz"]
[Site "Chess.com"]
[Date "2021.03.09"]
[Round "2"]
[White "Genghis_K"]
[Black "eldur16"]
[Result "1-0"]
[WhiteElo "2913"]
[BlackElo "2565"]
[TimeControl "180+1"]
[EndTime "10:17:19 PST"]
[Termination "Genghis_K won by resignation"]

1. e4 Nf6 2. e5 Nd5 3. d4 d6 4. Nf3 Bg4 5. h3 Bxf3 6. Qxf3 dxe5 7. dxe5 e6 8. Nd2 Nd7 9. Qg3 c6 10. Bd3 Qc7 11. Nf3 Nc5 12. O-O h6 13. Be2 O-O-O 14.
a3 g5 15. c4 Ne7 16. b4 Nb3 17. Rb1 Nf5 18. Qg4 Nxc1 19. Rfxc1 h5 20. Qe4 g4 21.
hxg4 hxg4 22. Qxg4 Be7 23. Rd1 Rdg8 24. Qe4 Rg7 25. c5 Nh4 26. g3 Nf5 27. Kg2 Rhg8 28.
Rh1 Kb8 29. Rh3 f6 30. Rbh1 Qd7 31. Bc4 fxe5 32. Qxe5+ Ka8 33. Bxe6 1-0

[Event "*** Titled Tuesday Blitz"]
[Site "Chess.com"]
[Date "2021.03.09"]
[Round "2"]
[White "MarcoRiehle"]
[Black "profofchess"]
[Result "0-1"]
[WhiteElo "2689"]
[BlackElo "2504"]
[TimeControl "180+1"]
[EndTime "10:17:19 PST"]
[Termination "profofchess won by resignation"]

1. e4 e6 2. c4 d5 3. cxd5 exd5 4. Qb3 Nf6 5. e5 Ne4 6. Nc3 Nxc3 7. bxc3 Nc6 8. d4 Be7 9. Bd3 Na5 10. Qa4+ c6 11. Ne2 b5 12. Qc2 h6 13. a4 b4 14. cxb4 Bxb4+ 15. Bd2 Bxd2+ 16. Kxd2 Nc4+ 17. Ke1 Qa5+ 18. Kf1 O-O 19. h3 Rb8 20. Bxc4 dxc4 21. Kg1 Be6 22. Kh2 Bd5 23. f4 Rb3 24. f5 Rfb8 25. Rhb1 Rxb1 26.
Rxb1 Rxb1 27. Qxb1 Qd2 28. Qf1 c3 29. f6 Bc4 30. Qf5 Bxe2 31. Qc8+ Kh7 32. Qf5+ g6 33. Qc8 Qf4+ 34. Kg1 c2 0-1

[Event "*** Titled Tuesday Blitz"]
[Site "Chess.com"]
[Date "2021.03.09"]
[Round "2"]
[White "Susal_De_Silva"]
[Black "tk22h"]
[Result "0-1"]
[WhiteElo "2602"]
[BlackElo "2347"]
[TimeControl "180+1"]
[EndTime "10:17:19 PST"]
[Termination "tk22h won by resignation"]

1. e4 e5 2. Nf3 Nc6 3. Bb5 a6 4. Ba4 Nf6 5. O-O Be7 6. Re1 b5 7. Bb3 d6 8. c3 O-O 9. a4 Bd7 10. d4 h6 11. d5 Na5 12. Bc2 c6 13. b4 Nc4 14. Nbd2 cxd5 15. exd5 Nb6 16. Ne4 Nbxd5 17.
Nxf6+ Nxf6 18. Nd2 Qc7 19. Bb2 Rac8 20. axb5 axb5 21. Ne4 Nxe4 22. Bxe4 Be6 23. Bc2 d5 24. Qd3 e4 25. Qxb5 Bf6 26. Rac1 Qc4 27. Qb6 Rb8 28. Qa7 Rfc8 29. Qa4 Ra8 30. Qb3 Bxc3 31. Qxc4 Rxc4 32. Bxe4 Bxe1 33. Rxc4 Ra2 0-1

[Event "*** Titled Tuesday Blitz"]
[Site "Chess.com"]
[Date "2021.03.09"]
[Round "2"]
[White "Ekose"]
[Black "TimofeevAr"]
[Result "0-1"]
[WhiteElo "2541"]
[BlackElo "2873"]
[TimeControl "180+1"]
[EndTime "10:17:21 PST"]
[Termination "TimofeevAr won by resignation"]

1. d4 Nf6 2. Nf3 b6 3. g3 Bb7 4.
Bg2 g6 5. O-O Bg7 6. c4 O-O 7.
Nc3 e6 8. Bf4 d6 9. Rc1 h6 10. Re1 Nfd7 11. e4 e5 12. Be3 exd4 13.
Bxd4 Ne5 14. Nxe5 dxe5 15. Be3 Nc6 16. Qxd8 Rfxd8 17. Nd5 Rac8 18. b4 Kf8 19. a3 Nd4 20.
c5 c6 21. Nc3 bxc5 22. bxc5 Ba6 23. Kh1 Rb8 24. Na2 Rb3 25. Nb4 Bb5 26. Bxd4 exd4 27. e5 d3 28. Rcd1 d2 29. Re3 Rxe3 30. fxe3 Ba4 31.
Nxc6 Bxd1 32. Nxd8 Be2 0-1

[Event "*** Titled Tuesday Blitz"]
[Site "Chess.com"]
[Date "2021.03.09"]
[Round "2"]
[White "howitzer14"]
[Black "Sashadav97"]
[Result "1-0"]
[WhiteElo "3028"]
[BlackElo "2589"]
[TimeControl "180+1"]
[EndTime "10:17:22 PST"]
[Termination "howitzer14 won by resignation"]

1. f4 f5 2. e4 fxe4 3. d3 exd3 4. Bxd3 Nf6 5. Nf3 e6 6. O-O Bc5+ 7. Kh1 O-O 8. c4 b6 9. Nc3 Bb7 10. Ng5 Nc6 11. Nce4 h6 12. Nxf6+ Qxf6 13. Nh7 Qd4 14. Nxf8 Rxf8 15. Be2 Qe4 16. Bd3 Qd4 17. a3 a5 18.
Be2 Qe4 19. Bd3 Qd4 20. Qc2 Ne5 21. Be2 Be4 22. Qd2 Nd3 23. Bxd3 Bxd3 24. Rd1 1-0

[Event "*** Titled Tuesday Blitz"]
[Site "Chess.com"]
[Date "2021.03.09"]
[Round "2"]
[White "OriTaichman"]
[Black "ram1zan"]
[Result "0-1"]
[WhiteElo "2528"]
[BlackElo "2826"]
[TimeControl "180+1"]
[EndTime "10:17:22 PST"]
[Termination "ram1zan won by resignation"]

1. e4 c5 2. b3 Nf6 3. e5 Nd5 4. Bb2 Nc6 5. g3 g6 6. Bg2 Nc7 7. Nf3 Bg7 8. h4 d6 9. Qe2 Bg4 10. Qe4 Bf5 11. Qe2 Bg4 12. Qe4 Bxf3 13. Qxf3 Nxe5 14. Bxe5 Bxe5 15. Nc3 d5 16. O-O-O e6 17.
Rhe1 Qd6 18. h5 O-O 19. hxg6 hxg6 20. Qe3 Bg7 21. Ne2 c4 22. Nf4 Qa3+ 0-1

[Event "*** Titled Tuesday Blitz"]
[Site "Chess.com"]
[Date "2021.03.09"]
[Round "2"]
[White "witcher8"]
[Black "CzechmVIII"]
[Result "1-0"]
[WhiteElo "2461"]
[BlackElo "2241"]
[TimeControl "180+1"]
[EndTime "10:17:26 PST"]
[Termination "witcher8 won by resignation"]

1. e4 c5 2. Nc3 Nc6 3. f4 g6 4. Nf3 Bg7 5. Bc4 e6 6. f5 Nge7 7. fxe6 fxe6 8. O-O d5 9. Bb3 O-O 10. d3 h6 11. Qe1 Nd4 12. Nxd4 Rxf1+ 13. Qxf1 cxd4 14.
Ne2 dxe4 15. dxe4 d3 16. cxd3 Qxd3 17. Qf3 Qxf3 18. gxf3 Bd7 19. Be3 Kf7 20. Rd1 Be8 21. Nf4 Bxb2 22. Nxe6 Kf6 23. Rd2 Bc1 24. Bd4+ Kf7 25. Rc2 Nc6 26. Rxc1 Nxd4 27. Nxd4+ Kf6 28. f4 Rd8 29. e5+ Kg7 30. Ne6+ 1-0

[Event "*** Titled Tuesday Blitz"]
[Site "Chess.com"]
[Date "2021.03.09"]
[Round "2"]
[White "DamianoLew95"]
[Black "A-Fier"]
[Result "0-1"]
[WhiteElo "2487"]
[BlackElo "2701"]
[TimeControl "180+1"]
[EndTime "10:17:27 PST"]
[Termination "A-Fier won by resignation"]

1. d4 Nf6 2. Bf4 c5 3. e3 Qb6 4.
Nc3 d6 5. Rb1 g6 6. h3 Bg7 7. Nf3 O-O 8. Be2 Nc6 9. O-O cxd4 10. exd4 d5 11. Na4 Qa5 12. c3 Ne4 13. Nd2 Nd6 14.
a3 Qd8 15. Nc5 b6 16. Nd3 Bf5 17. Nf3 Nc4 18. Qc1 Rc8 19. Bh6 Qd6 20. Bxg7 Kxg7 21.
Ra1 N6a5 22. Ra2 f6 23. Re1 e5 24. dxe5 fxe5 25. Nb4 e4 26. Nd4 Be6 27. Qg5 Ne5 28. Qg3 Nb7 29. Nbc2 Rcd8 30. Ne3 Nc5 31. Raa1 Ned3 32.
Bxd3 Nxd3 33. Re2 Bg8 34. Qxd6 Rxd6 35. Rd1 Rdf6 36. f3 Nf4 37. Red2 exf3 38. Nxf3 Nxh3+ 39. Kh2 Nf4 40. Nxd5 Nxd5 0-1